 Dungeon Crawl Stone Soup version 0.26-a0-753-g4680b4fa2e (webtiles) character file.

Game seed: 3776899193208784783

(classic levelgen) 170 EnegeticOcto the Slasher (level 5, -5/39 HPs)
             Began as a Barachi Gladiator on Nov 7, 2020.
             Killed by divine providence
             ... invoked by an orc priest
              (16 damage)
             ... on level 3 of the Dungeon.
             The game lasted 00:06:55 (2072 turns).

EnegeticOcto the Slasher (Barachi Gladiator)        Turns: 2072, Time: 00:06:56

Health: -5/39      AC:  7    Str: 16 (17) XL:     5   Next: 50%
Magic:  5/5        EV: 10    Int:  6 (8)  God:
Gold:   60         SH:  0    Dex: 10 (13) Spells: 4/4 levels left

rFire    . . .     SeeInvis .   a - +0 long sword
rCold    . . .     Faith    .   (no shield)
rNeg     . . .     Spirit   .   k - +0 scale mail
rPois    .         Reflect  .   c - +0 helmet
rElec    .         Harm     .   (no cloak)
rCorr    .         Rampage  .   (no gloves)
MR       .....                  (no boots)
Stlth    +.........             (no amulet)
HPRegen  0.13/turn              (no ring)
MPRegen  0.09/turn              (no ring)

@: can't hop, slow
A: +LOS, swims, slowness 1, strong legs 1
a: Hop


You were on level 3 of the Dungeon.
You visited 1 branch of the dungeon, and saw 3 of its levels.

You collected 60 gold pieces.

Inventory:

Hand Weapons
 a - a +0 long sword (weapon)
Missiles
 h - 87 stones (quivered)
Armour
 b - a +0 leather armour
 c - a +0 helmet (worn)
 k - a +0 scale mail (worn)
 l - a +0 chain mail
Jewellery
 i - an uncursed ring of ice
Scrolls
 e - 2 scrolls of remove curse {@r2}
 f - a scroll of immolation
 g - 2 scrolls of identify {unknown}


   Skills:
 + Level 2.4 Fighting
 * Level 5.1 Long Blades
 - Level 2.0 Throwing
 - Level 3.2 Dodging
 - Level 4.0 Stealth


You had 4 spell levels left.
You didn't know any spells.
Your spell library was empty.

Dungeon Overview and Level Annotations

Branches:
Dungeon (3/15)

Altars:

Annotations:
D:2 Sigmund


Innate Abilities, Weirdness & Mutations

You can be seen from farther away. (+LOS)
You can swim through water.
You cover ground slowly.
You can hop short distances.


Message History

Things that are here:
a +0 leather armour; an orc corpse You start waiting.
An orc is nearby!
You hit the orc.
The orc is lightly wounded.
The orc hits you with a +0 club.
You slash the orc!
You kill the orc!
You start resting.
An orc priest is nearby!
The orc priest shouts!
You hear a shout! x2
An orc comes into view. It is wielding a +0 whip.
The orc shouts!
The orc hits you but does no damage.
The orc priest hits you but does no damage.
An orc priest comes into view. It is wielding a -2 hand axe.
The orc priest hits you but does no damage.
The orc hits you with a +0 whip.
Items here: ) [[ ††.
Throwing (i - inventory. (/) - cycle)
d - 3 throwing nets (quivered)
{!f}
Press: ? - help, Shift-Dir - straight line, f - orc
Aim: an orc, wielding a +0 whip Really fire
d - 3 throwing nets {!f}?
You throw a throwing net {!f}. The throwing net {!f} hits the orc.
The orc is caught in the net!
The orc struggles against the net.
The orc priest hits you but does no damage.
Throwing (i - inventory. (/) - cycle)
d - 2 throwing nets (quivered)
{!f}
Press: ? - help, Shift-Dir - straight line, f - orc priest, p - orc
Aim: an orc priest, wielding a -2 hand axe Really fire
d - 2 throwing nets {!f}?
You throw a throwing net {!f}.
The throwing net {!f} barely misses the orc priest.
The orc priest invokes the aid of Beogh against you.
Beogh smites you!
The orc struggles against the net.
Throwing (i - inventory. (/) - cycle)
d - a throwing net (quivered)
{!f}
Press: ? - help, Shift-Dir - straight line, f/p - orc priest
Aim: an orc priest, wielding a -2 hand axe Really fire
d - a throwing net {!f}?
You throw a throwing net {!f}.
The throwing net {!f} hits the orc priest.
The orc priest is caught in the net!
The orc priest hits you but does no damage.
The orc priest struggles against the net.
You slash the orc priest!
The orc priest is heavily wounded.
The orc struggles against the net.
The orc priest barely misses you.
The orc priest struggles against the net.
The orc struggles against the net.
You hit the orc priest.
The orc priest is heavily wounded.
The orc priest mumbles some strange prayers to Beogh against you.
You barely resist.
The orc priest struggles against the net.
The orc struggles against the net.
The net rips apart, and the orc comes free!
The orc priest mumbles some strange prayers to Beogh against you.
Pain shoots through your body!
You closely miss the orc priest.
The orc priest is heavily wounded.
The orc priest begins to cast a cantrip, but forgets the words!
The orc priest struggles against the net.
The orc hits you but does no damage. The orc priest barely misses you.
You hit the orc priest but do no damage.
The orc priest is heavily wounded.
The orc hits you but does no damage.
The orc priest hits you but does no damage.
It was a potion of cancellation.
You feel magically purged.
The orc priest struggles against the net.
The orc closely misses you.
You riposte.
You barely miss the orc. The orc priest barely misses you.
It was a potion of degeneration.
There was something very wrong with that liquid.
You feel weakened.
You feel dopey.
You feel clumsy.
The orc priest calls upon Beogh to heal the orc priest.
The orc priest is healed somewhat.
The orc priest struggles against the net.
The net rips apart, and the orc priest comes free!
The orc hits you with a +0 whip.
* * * LOW HITPOINT WARNING * * *
The orc priest hits you but does no damage.
Throwing (i - inventory)
h - 87 stones (quivered)
Press: ? - help, Shift-Dir - straight line, f/p - orc priest
Aim: an orc priest, wielding a -2 hand axe
Okay, then.
No other missiles available.
Use F to throw any item.
No other missiles available.
Use F to throw any item.
Unknown command.
Really read the scroll of immolation?
Okay, then.
Press: ? - help, Dir - move target cursor, p - orc priest Out of range.
Okay, then.
Press: ? - help, Dir - move target cursor, p - orc priest Boing!
The orc priest calls upon Beogh to heal the orc priest.
The orc priest's wounds heal themselves!
The orc priest invokes the aid of Beogh against you.
Beogh smites you!
You die...

#....#.## #..#o○..##
#..#..o..##
#.....o...#
#..#.....##
........)..# #
###...##.##.# .#####
#...##.##.##.)...<.
#.........@.# #
##.........##..#####
.........[.###.....
...............####
#.............#
##....<)..####
###....÷.#
#....###†# #......
#.#


You could see 2 orc priests and an orc.

Vanquished Creatures
  Terence (D:2)
  2 worker ants (D:3)
  3 adders
  2 oozes
  4 dart slugs
  A leopard gecko (D:1)
  2 orcs (D:3)
  5 bats
  3 giant cockroaches (D:1)
  4 goblins
  2 hobgoblins
  11 jackals (D:1)
  8 kobolds
  A frilled lizard (D:2)
  5 rats
54 creatures vanquished.

Notes
Turn   | Place    | Note
-------+----------+-------------------------------------------
     0 | D:1      | EnegeticOcto the Barachi Gladiator began the quest for the
                  | Orb.
     0 | D:1      | Reached XP level 1. HP: 17/17 MP: 1/1
   181 | D:1      | Reached skill level 1 in Stealth
   248 | D:1      | Reached XP level 2. HP: 23/23 MP: 2/2
   369 | D:1      | Reached skill level 4 in Long Blades
   682 | D:1      | Reached skill level 2 in Stealth
   692 | D:1      | Reached XP level 3. HP: 28/28 MP: 3/3
  1164 | D:2      | Noticed Terence
  1183 | D:2      | Killed Terence
  1183 | D:2      | Reached skill level 3 in Stealth
  1183 | D:2      | Reached XP level 4. HP: 34/34 MP: 4/4
  1205 | D:2      | Noticed Sigmund
  1770 | D:2      | Noticed an ogre
  1836 | D:3      | Reached XP level 5. HP: 24/39 MP: 5/5
  1991 | D:3      | Reached skill level 5 in Long Blades
  2005 | D:3      | Reached skill level 4 in Stealth
  2072 | D:3      | Killed from afar by an orc priest

Illustrated notes

Levels and vault maps discovered:
D:1:      dpeg_arrival_lava_temple_mockup, layout_loops_ring
D:2:      layout_basic, lemuel_statue_altar, uniq_sigmund, uniq_terence
D:3:      layout_loops_ring, chequers_ecumenical_altar_lobes, minmay_unequal

Skill      XL: |  1  2  3  4  5 |
---------------+----------------+-----
Stealth        | 1 2 3 4 |  4.0
Long Blades    | 4 5 |  5.1
Fighting       | |  2.4
Throwing       | |  2.0
Dodging        | |  3.2

Action                   |  1- 3 |  4- 6 || total
-------------------------+-------+-------++-------
Melee: Long sword        |    88 |    60 ||   148
Throw: Throwing net      |       |     3 ||     3
 Abil: Hop               |       |     3 ||     3
  Use: Scroll            |       |     3 ||     3
       Potion            |       |     2 ||     2
 Stab: Sleeping          |     1 |       ||     1
Armor: Leather armour    |    20 |       ||    20
       Scale mail        |     7 |    49 ||    56
Dodge: Dodged            |    61 |    53 ||   114
       Rpst.: Long sword |    15 |    23 ||    38

Table legend: (Time is in decaauts)
 A = Elapsed time spent in this place.
 B = Non-inter-level travel time spent in this place.
 C = Inter-level travel time spent in this place.
 D = Time resting spent in this place.
 E = Time spent auto-exploring this place.
 F = Levels seen in this place.
 G = Mean time per level.
                   A        B        C        D        E       F      G
               +--------+--------+--------+--------+--------+-----+--------+
         Total |   2326 |   2130 |    196 |    261 |   1121 |   3 |  775.3 |
       Dungeon |   2326 |   2130 |    196 |    261 |   1121 |   3 |  775.3 |
               +--------+--------+--------+--------+--------+-----+--------+

Top non-repeatable levels by time:
     D:1: 1460 daAuts
     D:2: 672 daAuts
     D:3: 193 daAuts
